 Dungeon Crawl Stone Soup version 0.30.1-4-g462c640d31 (webtiles) character file.

Game seed: 15001155203158220950

338 MrPagan1517 the Cudgeller (level 6, -4/57 HPs)
             Began as a Minotaur Berserker on Sept 2, 2023.
             Was a Believer of Trog.
             Slain by a wight
             ... wielding a +0 trident
              (10 damage)
             ... on level 4 of the Dungeon.
             The game lasted 00:02:34 (1770 turns).

MrPagan1517 the Cudgeller (Minotaur Berserker)      Turns: 1770, Time: 00:02:34

Health: -4/57      AC:  4    Str: 23    XL:     6   Next: 29%
Magic:  5/5        EV: 12    Int:  4    God:    Trog [**....]
Gold:   112        SH:  0    Dex: 10    Spells: 5/5 levels left

rFire   . . .        a - +0 mace
rCold   . . .        (no shield)
rNeg    . . .        b - +0 animal skin
rPois   .            (helmet restricted)
rElec   .            f - +0 cloak
rCorr   .            h - +0 pair of gloves
SInv    .            (no boots)
Will    .....        (no amulet)
Stlth   +            (no ring)
HPRegen 0.29/turn    (no ring)
MPRegen 0.09/turn

%: no passive effects
@: no status effects
A: horns 2, retaliatory headbutt
a: Renounce Religion, Berserk, Trog's Hand


You were on level 4 of the Dungeon.
You worshipped Trog.
Trog was pleased with you.
You visited 1 branch of the dungeon, and saw 3 of its levels.

You collected 112 gold pieces.

Inventory:

Hand Weapons
 a - a +0 mace (weapon)
Armour
 b - a +0 animal skin (worn)
 f - a +0 cloak (worn)
 h - a +0 pair of gloves (worn)
Jewellery
 i - a ring of fire
Scrolls
 c - 2 scrolls of teleportation {unknown}
 d - a scroll of blinking {unknown}
 e - 3 scrolls of identify {unknown}
Potions
 g - a potion of might {unknown}


   Skills:
 + Level 5.9 Fighting
 + Level 5.9 Maces & Flails
 + Level 3.1 Armour
 + Level 3.5 Dodging
 + Level 0.5 Stealth


You had 5 spell levels left.
You didn't know any spells.
Your spell library was empty.

Dungeon Overview and Level Annotations

Branches:
Dungeon (2/15)

Altars:


Innate Abilities, Weirdness & Mutations

You have a pair of horns on your head.
You reflexively headbutt those who attack you in melee.


Message History

i - a ring of fire You hear the brisk hiss of an avalanche of sand very nearby.
Found an amethyst potion.
A wight comes into view. It is wielding a +2 spear.
The wight hits you from afar with a +2 spear!
* * * LOW HITPOINT WARNING * * *
You feel drained.
* * * LOW HITPOINT WARNING * * *
2 wights and an adder come into view.
The wight closely misses you.
You sock the wight!
The wight is severely damaged.
The adder hisses angrily.
The wight hits you with a +2 spear.
* * * LOW HITPOINT WARNING * * *
You feel drained.
* * * LOW HITPOINT WARNING * * *
You hit the wight but do no damage. Your headbutt misses the wight.
The wight is severely damaged.
A wight comes into view. It is wielding a +5 falchion.
The wight closely misses you.
You closely miss the wight. Your headbutt misses the wight.
The wight is severely damaged.
The adder bites you.
* * * LOW HITPOINT WARNING * * *
The wight misses you. You furiously retaliate!
You headbutt the wight!
You destroy the wight!
Trog accepts your kill.
Your life force feels restored.
The adder bites you but does no damage. The wight closely misses you.
You furiously retaliate!
You headbutt the wight! The adder bites you but does no damage.
Things that are here:
a +2 spear; a +0 robe You hit the wight.
The wight is severely damaged.
The adder barely misses you. The wight misses you. You furiously retaliate!
You headbutt the wight! The wight hits you with a +0 trident!
You die...

..# ..### ### .....
... # ..... #.# .#
#h... #.# ##.## #....
##.##.... .....
#.!zz.#.#############
#..S@z..#.......#
##.######.......#####
#....................
#########.......#####
#.......# # #.......#
# #.......# #
######### # #


You could see 3 wights and an adder.

Vanquished Creatures
  A centaur (D:4)
  2 scorpions (D:4)
  A wight (D:4)
  Robin (D:2)
  4 adders
  2 dart slugs
  2 orcs (D:4)
  5 endoplasms
  A giant cockroach (D:1)
  10 goblins
  2 hobgoblins
  3 kobolds (D:1)
  2 quokkas
  4 ball pythons
  6 bats
  3 frilled lizards (D:1)
49 creatures vanquished.

Notes
Turn   | Place    | Note
-------+----------+-------------------------------------------
     0 | D:1      | MrPagan1517 the Minotaur Berserker began the quest for the
                  | Orb.
     0 | D:1      | Reached XP level 1. HP: 19/19 MP: 0/0
   219 | D:1      | Reached XP level 2. HP: 27/27 MP: 1/1
   841 | D:2      | Reached XP level 3. HP: 34/34 MP: 2/2
   859 | D:2      | Reached ** piety under Trog
  1075 | D:2      | Noticed Robin
  1095 | D:2      | Killed Robin
  1096 | D:2      | Reached XP level 4. HP: 5/41 MP: 3/3
  1413 | D:2      | Reached skill level 5 in Fighting
  1417 | D:2      | You fall into a shaft and drop 2 floors!
  1573 | D:4      | Noticed a scorpion
  1583 | D:4      | Killed a scorpion
  1584 | D:4      | Reached skill level 5 in Maces & Flails
  1584 | D:4      | Reached XP level 5. HP: 34/48 MP: 4/4
  1673 | D:4      | Noticed a centaur
  1682 | D:4      | Killed a centaur
  1686 | D:4      | Reached XP level 6. HP: 8/57 MP: 5/5
  1770 | D:4      | Slain by a wight

Illustrated notes

Levels and vault maps discovered:
D:1:      heliophobic_arrival_dark_side_of_the_moon, layout_basic
D:2:      layout_loops_cross, serial_co_window_serial, co_window_cross_1,
          co_window_paths_b, co_window_paths_a, co_window_corner_a,
          co_window_cross_1, co_window_of_opportunity_a, co_window_corner_b,
          co_window_broadway_c, co_window_2corner, co_window_cross_2,
          glass_columns_c, glass_columns_b, glass_columns_a, uniq_robin
D:4:      layout_basic, gup_ossuary_entry_pyramid, serial_shops,
          nicolae_shop_tiny_waterfront, saegor_snake_ambush

Skill      XL: |  1  2  3  4  5 |
---------------+----------------+-----
Fighting       | 4 5 |  5.9
Maces & Flails | 4 5 |  5.9
Armour         | 3 |  3.1
Dodging        | 3 |  3.5
Stealth        | |  0.5

Action                     |  1- 3 |  4- 6 || total
---------------------------+-------+-------++-------
  Melee: Mace              |    72 |    32 ||   104
         Headbutt          |     9 |     5 ||    14
 Armour: Animal skin       |    20 |    14 ||    34
  Dodge: Dodged            |    36 |    32 ||    68
